 Dungeon Crawl Stone Soup version 0.29.1-14-g9c671dbff4 (webtiles) character file.

Game seed: 219861275914891501

118 hawla the Firebug (level 5, -1/38 HPs)
             Began as a Meteoran Fire Elementalist on Feb 12, 2023.
             Killed by divine providence
             ... invoked by an orc priest
              (13 damage)
             ... on level 3 of the Dungeon.
             The game lasted 00:03:34 (496 turns).

hawla the Firebug (Meteoran Fire Elementalist)       Turns: 496, Time: 00:03:34

Health: -1/38      AC:  2    Str:  9    XL:     5   Next: 48%
Magic:  1/11       EV: 12    Int: 22    God:
Gold:   72         SH:  0    Dex: 13    Spells: 3/10 levels left

rFire   . . .      SeeInvis .   (no weapon)
rCold   . . .      Faith    .   (no shield)
rNeg    . . .      Spirit   .   a - +0 robe
rPois   .          Reflect  .   (no helmet)
rElec   .          Harm     .   (no cloak)
rCorr   .          Rampage  .   (no gloves)
Will    .....                   (no boots)
Stlth   +.........              (no amulet)
HPRegen 0.12/turn               (no ring)
MPRegen 0.12/turn               (no ring)

@: glowing
A: sense surroundings 1, otherworldly, glowing, explore regen, clever 1
a: no special abilities


You were on level 3 of the Dungeon.
You visited 1 branch of the dungeon, and saw 3 of its levels.

You collected 72 gold pieces.

Inventory:

Armour
 a - a +0 robe (worn)
Scrolls
 c - 2 scrolls of fear


   Skills:
 - Level 2.8 Dodging
 - Level 1.4 Stealth
 - Level 3.4 Spellcasting
 + Level 3.7 Conjurations
 - Level 4.9 Fire Magic


You had 3 spell levels left.
You knew the following spells:

 Your Spells              Type           Power      Damage    Failure   Level
a - Foxfire               Conj/Fire      88%        2x1d8     1%          1
b - Scorch                Fire           50%        2d7       2%          2
c - Flame Wave            Conj/Fire      22%        2d8       21%         4

Your spell library contained the following spells:

 Spells                   Type           Power      Damage    Failure   Level
 Conjure Flame            Conj/Fire      22%        6-21      6%          3
 Inner Flame              Hex/Fire       14%        N/A       13%         3


Dungeon Overview and Level Annotations

Branches:
Dungeon (3/15) Zot: 1303

Altars:


Innate Abilities, Weirdness & Mutations

You passively map a small area around you.
You are easily found by Zot.
You glow in the dark.
You regain HP and MP as you explore.
Your mind is acute. (Int +4, Str/Dex -1)


Message History

Confirm with . or Enter, or press ? or * to list all spells.
The spell is quite dangerous to miscast (22% risk of failure)!
Continue anyway?
Casting: Flame Wave (quite dangerous; 22% risk of failure)
Press: ? - help, Dir - look around, f - activate A wave of flame ripples out!
The flame wave engulfs the orc!
You kill the orc!
The flame wave engulfs the orc!
You kill the orc!
The flame wave engulfs the rat!
You kill the rat! (Press . to intensify the flame waves.)
You hear a shout!
A wave of flame ripples out!
The flame wave engulfs the orc priest.
The orc priest is lightly wounded.
The flame wave engulfs the orc.
The orc is severely wounded.
The flame wave engulfs the orc.
You kill the orc!
You hear an angry hiss.
The orc hits you with a +0 dagger.
An orc comes into view. It is wielding a +0 falchion.
A wave of flame ripples out!
The flame wave engulfs the orc priest!
The orc priest is almost dead.
The flame wave engulfs the orc.
You kill the orc!
The flame wave engulfs the orc priest.
The orc priest is lightly wounded.
The flame wave engulfs the orc.
The orc is moderately wounded.
You finish channelling waves of flame.
You hear a shout!
You hear an angry hiss.
The orc priest calls down the wrath of Beogh upon you.
Pain shoots through your body!
Unknown command.
Casting: Flame Wave (quite dangerous; 21% risk of failure)
Confirm with . or Enter, or press ? or * to list all spells.
You conjure some foxfire!
The orc hits you with a +0 falchion.
The orc priest invokes the aid of Beogh against you.
Beogh smites you!
You die...

, , * *## #.. , # *#*
#.# * ####.#...
######.# ,#
#<).)...#.##.....=##.#
* †.................).
#)...##.#'##....oo#
,,, *
#.##.##....#...o@v# *,
#.##.##........))v+, *
#.##.# ...........# ,,
#.##.#*.........#.# *
#.##.##.###.....#.#
#.......# #.....'.#
.....######.....###
....#.o..##..####
§#.##.##.##.##


You could see 2 orc priests and an orc.

Vanquished Creatures
  2 orc priests (D:3)
  An adder (D:3)
  2 dart slugs
  7 orcs (D:3)
  6 ball pythons
  4 bats
  4 endoplasms
  3 goblins
  A hobgoblin (D:1)
  A quokka (D:3)
  3 frilled lizards
  5 kobolds
  3 rats
42 creatures vanquished.

Vanquished Creatures (others)
  76 foxfires
76 creatures vanquished.

Grand Total: 118 creatures vanquished

Notes
Turn   | Place    | Note
-------+----------+-------------------------------------------
     0 | D:1      | hawla the Meteoran Fire Elementalist began the quest for
                  | the Orb.
     0 | D:1      | Reached XP level 1. HP: 14/14 MP: 5/5
    98 | D:1      | Reached skill level 4 in Fire Magic
    98 | D:1      | Reached XP level 2. HP: 19/20 MP: 6/6
   101 | D:1      | Learned a level 2 spell: Scorch
   274 | D:1      | Reached XP level 3. HP: 26/26 MP: 6/8
   360 | D:2      | Found a faded altar of an unknown god.
   412 | D:3      | Reached XP level 4. HP: 33/33 MP: 7/10
   419 | D:3      | Learned a level 4 spell: Flame Wave
   468 | D:3      | Gained mutation: Your mind is acute. (Int +4, Str/Dex -1)
                  | [potion of mutation]
   472 | D:3      | Reached XP level 5. HP: 9/38 MP: 0/11
   496 | D:3      | Killed from afar by an orc priest

Illustrated notes

Levels and vault maps discovered:
D:1:      psy_arrival_statuary, layout_basic, st_stairs_11
D:2:      layout_basic, ebering_ecumenical_altar_abandoned
D:3:      layout_basic, serial_shops, shop_fountains, uniq_natasha

Skill      XL: |  1  2  3  4 |
---------------+-------------+-----
Fire Magic     | 4 |  4.9
Spellcasting   | 3 |  3.4
Conjurations   | 2 3 |  3.7
Dodging        | |  2.8
Stealth        | |  1.4

Action                   |  1- 3 |  4- 6 || total
-------------------------+-------+-------++-------
Melee: Unarmed           |     7 |     3 ||    10
 Cast: Foxfire           |    35 |    12 ||    47
       Scorch            |     5 |     1 ||     6
       Flame Wave        |       |     1 ||     1
  Use: Scroll            |     2 |       ||     2
       Potion            |     1 |     2 ||     3
Armor: Robe              |       |     2 ||     2
Dodge: Dodged            |    13 |    16 ||    29
